 Dungeon Crawl Stone Soup version 0.17-a0-512-gd6a67cc (webtiles) character file.

5476 nubinia the Blocker (level 10, 0/88 HPs)
             Began as a Minotaur Fighter on Apr 11, 2015.
             Was a Priest of Qazlal.
             Slain by a minotaur
             ... wielding an uncursed staff of energy
              (22 damage)
             ... in a labyrinth.
             The game lasted 00:42:21 (9136 turns).

nubinia the Blocker (Minotaur Fighter)              Turns: 9136, Time: 00:42:21

Health: 0/88       AC: 10    Str: 22      XL:     10   Next: 42%
Magic:  18/18      EV: 21    Int:  4 (5)  God:    Qazlal [***...]
Gold:   434        SH: 17    Dex: 17      Spells: 0 memorised, 9 levels left

rFire  . . .     SeeInvis +     a - +1 flail
rCold  . . .     Clarity  .     K - +0 ring mail {rPois}
rNeg   . . .     SustAb   .     c - +0 shield
rPois  +         Gourm    .     (helmet restricted)
rElec  .         Spirit   .     L - +0 cloak
rCorr  .         Warding  .     q - +0 pair of gloves
rMut   .         Stasis   .     z - +0 pair of boots (curse)
MR     .....                    (no amulet)
Stlth  ++........               J - ring of see invisible
                                i - ring of magical power (curse)

@: agile, hasted, very quick, not resistant to hostile enchantments, unstealthy
A: retaliatory headbutt, horns 2, mutation resistance 1, no device heal 1
a: Upheaval, Elemental Force, Renounce Religion


You were in a labyrinth.
You worshipped Qazlal.
Qazlal was most pleased with you.
You were not hungry.

You visited 2 branches of the dungeon, and saw 11 of its levels.
You also visited: Labyrinth.

You collected 434 gold pieces.

Inventory:

Hand weapons
 a - a +1 flail (weapon)
 b - a +0 hunting sling
 B - a +0 blowgun
 C - a +0 flail of draining
Missiles
 n - 70 sling bullets
 p - 117 stones (quivered)
 u - 24 poisoned needles
Armour
 c - a +0 shield (worn)
 q - a +0 pair of gloves (worn)
 y - a +3 leather armour of cold resistance
 z - a cursed +0 pair of boots (worn)
 K - a +0 ring mail of poison resistance (worn)
 L - a +0 cloak (worn)
 O - a +0 leather armour of fire resistance
Jewellery
 i - a cursed ring of magical power (left hand)
 J - a ring of see invisible (right hand)
Magical devices
 r - a wand of digging (13)
Scrolls
 f - 2 scrolls of enchant armour
 s - 2 scrolls of enchant weapon
 v - a scroll of blinking
 x - 2 scrolls of random uselessness
 D - a scroll of remove curse {unknown}
 G - 4 scrolls of identify
 N - 2 scrolls of teleportation {unknown}
Potions
 e - a potion of curing
 k - 2 potions of flight
 t - 2 potions of restore abilities
 P - a potion of cure mutation
Comestibles
 d - 5 bread rations
 m - 2 beef jerkies
 A - a slice of pizza
 Q - 2 meat rations


   Skills:
 + Level 8.1 Fighting
 + Level 8.3 Maces & Flails
 + Level 2.3(2.9) Slings
 + Level 2.2(2.7) Throwing
 + Level 6.7 Armour
 + Level 8.2 Dodging
 + Level 1.5 Stealth
 + Level 10.3 Shields


You had 9 spell levels left.
You didn't know any spells.

Dungeon Overview and Level Annotations

Branches:
Dungeon (10/15)            Temple (0/1) D:4            Lair (1/8) D:8
    Orc: D:9-12

Altars:
Ashenzari
Cheibriados
Elyvilon
Fedhas
Kikubaaqudgha
Nemelex Xobeh
Qazlal
Ru
Yredelemnul

Annotations:
D:6 Fluffy's ghost, experienced DsGl
D:8 Erolcha; Somebody's ghost, experienced NaTm


Innate Abilities, Weirdness & Mutations

You reflexively headbutt those who attack you in melee.
You have a pair of horns on your head.
You are somewhat resistant to further mutation.
Potions and wands are less effective at restoring your health.


Message History

The minotaur is lightly wounded.
You block the minotaur's attack. x2
You closely miss the minotaur.
The minotaur furiously retaliates!
The minotaur headbutts you, but does no damage.
You headbutt the minotaur, but do no damage.
The minotaur is lightly wounded.
You block the minotaur's attack. x2
You sock the minotaur! You headbutt the minotaur!
The minotaur is moderately wounded.
The minotaur hits you with a staff of energy!
The minotaur gores you!
Drink which item? (? for menu, Esc to quit)
You feel much better.
The minotaur hits you with a staff of energy!!
* * * LOW HITPOINT WARNING * * *
You block the minotaur's attack.
Drink which item? (? for menu, Esc to quit)
You feel yourself speed up.
The minotaur hits you with a staff of energy!!
You die...

.... #
#.########### # .
.. . ### # # ##
.# # . #.........
.... # #. # ## #
###.### ....#....
. .....# # ##.
.########.# #
#....#.#...H@.#.#
##. #.#.####.# #.
..#.# #.#.# #
###..#.# ####.#
### # . .. #....
...#.. #.# ##.
######### # ....
... .. # #.#.
#..# .. . #
.....#.# #


You could see a minotaur.

Vanquished Creatures
  Joseph (D:7)
  A centaur skeleton (D:10)
  A spiny frog (Lair:1)
  Grinder (D:5)
  Eustachio (D:4)
  5 yaks
  A basilisk (D:9)
  A hippogriff (D:7)
  Menkaure (D:5)
  Edmund (D:4)
  4 ice beasts
  A sky beast (D:10)
  A black bear (D:9)
  5 ogres
  A centaur (D:6)
  3 giant frogs
  Blork the orc (D:4)
  2 scorpions (D:9)
  A water moccasin skeleton (D:9)
  12 killer bees
  2 goliath beetles (D:6)
  A jelly (D:5)
  2 crimson imps
  3 hounds
  5 orc wizards
  An iguana (D:9)
  Crazy Yiuf (D:5)
  2 giant frog skeletons
  A gnoll shaman (D:5)
  2 orc priests
  3 worker ants
  A mummy (D:9)
  7 adders
  13 gnolls
  3 shadow imps
  2 worms
  19 orcs
  2 bat skeletons
  A bat zombie (D:7)
  3 giant cockroaches
  8 hobgoblins
  23 jackals
  3 ball pythons (D:4)
  19 bats
  3 giant geckos
  3 giant newts (D:1)
  11 goblins
  11 kobolds
  2 quokkas
  7 rats
209 creatures vanquished.

Notes
Turn   | Place    | Note
--------------------------------------------------------------
     0 | D:1      | nubinia, the Minotaur Fighter, began the quest for the Orb.
     0 | D:1      | Reached XP level 1. HP: 19/19 MP: 0/0
   323 | D:1      | Reached XP level 2. HP: 27/27 MP: 1/1
   586 | D:2      | Reached skill level 4 in Fighting
  1363 | D:2      | Reached XP level 3. HP: 33/33 MP: 2/2
  1398 | D:2      | Found a sparkling altar of Nemelex Xobeh.
  1405 | D:2      | Reached skill level 1 in Dodging
  2113 | D:3      | Reached XP level 4. HP: 40/40 MP: 3/3
  2256 | D:3      | Found a blossoming altar of Fedhas.
  2258 | D:3      | Found a stormy altar of Qazlal.
  2264 | D:3      | Became a worshipper of Qazlal Stormbringer
  2849 | D:4      | Found a basalt altar of Yredelemnul.
  2865 | D:4      | Found a white marble altar of Elyvilon.
  2870 | D:4      | Reached skill level 5 in Armour
  2870 | D:4      | Reached XP level 5. HP: 44/46 MP: 4/4
  3070 | D:4      | Noticed Blork the orc
  3074 | D:4      | Noticed Eustachio
  3308 | D:4      | Killed Blork the orc
  3308 | D:4      | Reached XP level 6. HP: 48/53 MP: 5/5
  3335 | D:4      | Killed Eustachio
  3335 | D:4      | Reached skill level 5 in Shields
  3449 | D:4      | Found a staircase to the Ecumenical Temple.
  3488 | D:4      | Found a sacrificial altar of Ru.
  3527 | D:4      | Reached skill level 1 in Slings
  3640 | D:4      | Acquired Qazlal's first power
  3713 | D:4      | Noticed an ogre
  3907 | D:4      | Noticed Edmund
  3929 | D:4      | Killed Edmund
  3929 | D:4      | Reached skill level 5 in Fighting
  3929 | D:4      | Reached skill level 1 in Throwing
  3929 | D:4      | Reached XP level 7. HP: 54/61 MP: 6/6
  4365 | D:4      | Killed an ogre
  4705 | D:5      | Entered Level 5 of the Dungeon
  4713 | D:5      | Reached skill level 6 in Armour
  4847 | D:5      | Noticed Grinder
  4863 | D:5      | Killed Grinder
  4863 | D:5      | Reached skill level 5 in Maces & Flails
  4863 | D:5      | Reached XP level 8. HP: 41/68 MP: 7/7
  4898 | D:5      | Noticed Menkaure
  4997 | D:5      | Killed Menkaure
  4997 | D:5      | Reached skill level 5 in Dodging
  5799 | D:5      | Reached skill level 7 in Shields
  5981 | D:5      | Noticed Crazy Yiuf
  5997 | D:5      | Killed Crazy Yiuf
  6178 | D:6      | Acquired Qazlal's second power
  6202 | D:6      | Noticed Fluffy's ghost (experienced DsGl)
  6275 | D:6      | Found an ancient bone altar of Kikubaaqudgha.
  6890 | D:7      | Noticed Joseph
  6900 | D:7      | Killed Joseph
  6900 | D:7      | Reached skill level 8 in Shields
  6900 | D:7      | Reached XP level 9. HP: 27/75 MP: 8/8
  7597 | D:7      | Reached skill level 1 in Stealth
  7871 | D:8      | Found a snail-covered altar of Cheibriados.
  7901 | D:9      | Reached skill level 9 in Shields
  8098 | D:9      | Acquired Qazlal's third power
  8282 | D:10     | Entered Level 10 of the Dungeon
  8293 | D:10     | Reached XP level 10. HP: 30/86 MP: 9/9
  8410 | D:10     | Gained mutation: Potions and wands are less effective at restoring your health. [mutagenic meat]
  8412 | D:10     | Gained mutation: You are somewhat resistant to further mutation. [mutagenic meat]
  8461 | D:10     | Noticed a centaur skeleton
  8472 | D:10     | Noticed a hill giant
  8495 | D:10     | Killed a centaur skeleton
  8500 | D:10     | Reached skill level 10 in Shields
  8544 | D:8      | Found a shattered altar of Ashenzari.
  8544 | D:8      | Noticed Erolcha
  8681 | D:8      | Found a blossoming altar of Fedhas.
  8721 | D:8      | Found a staircase to the Lair.
  8737 | D:8      | Noticed Somebody's ghost (experienced NaTm)
  8750 | Lair:1   | Entered Level 1 of the Lair of Beasts
  8870 | Lair:1   | Found a labyrinth entrance.
  8983 | Lab      | Entered a labyrinth
  9127 | Lab      | Noticed a minotaur
  9136 | Lab      | Slain by a minotaur

Action                   |  1- 3 |  4- 6 |  7- 9 | 10-12 || total
-------------------------+-------+-------+-------+-------++-------
Melee: Flail             |    92 |   102 |   358 |   107 ||   659
 Fire: Blowgun           |       |     8 |    14 |     2 ||    24
       Hunting sling     |       |    11 |       |       ||    11
  Use: Scroll            |       |     3 |     4 |     3 ||    10
       Potion            |       |     1 |     9 |     3 ||    13
  Eat: Chunk             |     4 |     5 |    15 |     6 ||    30
